3AAA
JERSEY CITY TRITONS @ FLORIDA MEN
08/11/2054
 
TOP OF THE 1ST
Jersey City Tritons batting - Pitching for Florida Men : LHP Beau Kelley
Pitching: LHP Beau Kelley
Batting: LHB José Rico 0-0: SOLO HOME RUN (Flyball, 9D, EV 98.8 MPH), Distance : 363 ft
Batting: LHB Jesse Wirth 0-0: Ball
1-0: Fly out, F9 (Line Drive, 9, EV 98.1 MPH)
Batting: LHB Ed Ward 0-0: Ground out 4-3 (Groundball, 4, EV 90.6 MPH)
Batting: RHB Clifton Roberson 0-0: Swinging Strike
0-1: Foul Ball, location: 2F
0-2: Ball
1-2: Ball
2-2: Foul Ball, location: 2F
2-2: Foul Ball, location: 2F
2-2: Ball
3-2: Foul Ball, location: 2F
3-2: SOLO HOME RUN (Flyball, 8LXD, EV 115.0 MPH), Distance : 428 ft
Batting: LHB Gustavo Gonzáles 0-0: Ball
1-0: Foul Ball, location: 2F
1-1: Called Strike
1-2: Fly out, F9 (Flyball, 9LSF, EV 80.6 MPH)
Top of the 1st over - 2 runs, 2 hits, 0 errors, 0 left on base; Jersey City 2 - Florida 0
BOTTOM OF THE 1ST
Florida Men batting - Pitching for Jersey City Tritons : RHP Ramón Gracés
Pitching: RHP Ramón Gracés
Batting: LHB Andrés Muñóz 0-0: Called Strike
0-1: Ball
1-1: Foul Ball, location: 2F
1-2: Foul Ball, location: 2F
1-2: Strikes out swinging
Batting: RHB Eric Thiel 0-0: Swinging Strike
0-1: Called Strike
0-2: Ball
1-2: Ball
2-2: Ball
3-2: Strikes out swinging
Batting: SHB Tomás Pereira 0-0: Called Strike
0-1: Ball
1-1: Called Strike
1-2: Foul Ball, location: 2F
1-2: Strikes out swinging
Bottom of the 1st over - 0 runs, 0 hits, 0 errors, 0 left on base; Jersey City 2 - Florida 0
TOP OF THE 2ND
Jersey City Tritons batting - Pitching for Florida Men : LHP Beau Kelley
Batting: RHB Greg Nieto 0-0: Ball
1-0: Foul Ball, location: 2F
1-1: Ball
2-1: Foul Ball, location: 2F
2-2: Strikes out swinging
Batting: SHB Ed Moss 0-0: Ground out 4-3 (Groundball, 4M, EV 93.1 MPH)
Batting: SHB Dave Ryan 0-0: Ball
1-0: Foul Ball, location: 2F
1-1: Called Strike
1-2: Foul Ball, location: 2F
1-2: Hit by Pitch
Batting: LHB Elton Archer 0-0: Ball
1-0: Ball
2-0: Foul Ball, location: 2F
2-1: Ball
3-1: Base on Balls
Dave Ryan to second
Batting: LHB José Rico 0-0: Called Strike
0-1: Ball
1-1: Foul Ball, location: 2F
1-2: Ball
2-2: SINGLE (Groundball, 5S, EV 58.8 MPH) (infield hit)
Dave Ryan to third
Elton Archer to second
Batting: LHB Jesse Wirth 0-0: Ball
1-0: Foul Ball, location: 2F
1-1: Swinging Strike
1-2: Strikes out swinging
Top of the 2nd over - 0 runs, 1 hit, 0 errors, 3 left on base; Jersey City 2 - Florida 0
BOTTOM OF THE 2ND
Florida Men batting - Pitching for Jersey City Tritons : RHP Ramón Gracés
Batting: LHB Dillon Bert 0-0: Ball
1-0: Swinging Strike
1-1: Foul Ball, location: 2F
1-2: SINGLE (Groundball, 4D, EV 108.8 MPH)
Batting: LHB Felipe Madrid 0-0: Called Strike
0-1: Ball
1-1: Ball
2-1: Swinging Strike
2-2: Strikes out swinging
Batting: RHB Charlie Brooks 0-0: Foul Ball, location: 2F
0-1: Ball
1-1: SINGLE (Line Drive, 9S, EV 110.0 MPH)
Dillon Bert to second
Batting: RHB Jorge Dorantes 0-0: Called Strike
0-1: Ball
1-1: Fly out, F7 (Line Drive, 8LM, EV 87.5 MPH)
Batting: RHB Pakomio Alepeleke 0-0: Ball
1-0: Ball
2-0: Foul Ball, location: 2F
2-1: Foul Ball, location: 2F
2-2: 3-RUN HOME RUN (Flyball, 7LD, EV 91.9 MPH), Distance : 336 ft
Batting: RHB Charles Cummings 0-0: Ball
1-0: Swinging Strike
1-1: Ball
2-1: Foul Ball, location: 2F
2-2: Ground out 6-3 (Groundball, 6S, EV 68.8 MPH)
Bottom of the 2nd over - 3 runs, 3 hits, 0 errors, 0 left on base; Jersey City 2 - Florida 3
TOP OF THE 3RD
Jersey City Tritons batting - Pitching for Florida Men : LHP Beau Kelley
Batting: LHB Ed Ward 0-0: Ball
1-0: Ball
2-0: SOLO HOME RUN (Flyball, 9D, EV 97.5 MPH), Distance : 376 ft
Batting: RHB Clifton Roberson 0-0: Ball
1-0: Foul Ball, location: 2F
1-1: Ball
2-1: Ball
3-1: Foul Ball, location: 2F
3-2: SINGLE (Line Drive, 6MD, EV 94.4 MPH)
Batting: LHB Gustavo Gonzáles 0-0: Fly out, F9 (Line Drive, 9, EV 83.8 MPH)
Batting: RHB Greg Nieto 0-0: Ball
1-0: Reached on error, E5 (Groundball, 56, EV 104.4 MPH)
Clifton Roberson to second
Batting: SHB Ed Moss 0-0: Called Strike
0-1: Ball
1-1: Called Strike
1-2: Ball
2-2: Grounds into double play, 4-6-3 (Groundball, 4, EV 93.8 MPH)
Top of the 3rd over - 1 run, 2 hits, 1 error, 1 left on base; Jersey City 3 - Florida 3
BOTTOM OF THE 3RD
Florida Men batting - Pitching for Jersey City Tritons : RHP Ramón Gracés
Batting: LHB Andrés Muñóz 0-0: Fly out, F9 (Flyball, 9D, EV 108.8 MPH)
Batting: RHB Eric Thiel 0-0: Called Strike
0-1: Ball
1-1: Foul Ball, location: 2F
1-2: Ball
2-2: Strikes out swinging
Batting: SHB Tomás Pereira 0-0: Called Strike
0-1: Foul Ball, location: 2F
0-2: Ball
1-2: Ground out 6-3 (Groundball, 6M, EV 81.9 MPH)
Bottom of the 3rd over - 0 runs, 0 hits, 0 errors, 0 left on base; Jersey City 3 - Florida 3
TOP OF THE 4TH
Jersey City Tritons batting - Pitching for Florida Men : LHP Beau Kelley
Batting: SHB Dave Ryan 0-0: Foul Ball, location: 2F
0-1: Ball
1-1: SINGLE (Line Drive, 34D, EV 94.4 MPH)
Batting: LHB Elton Archer 0-0: Ball
1-0: Called Strike
1-1: Called Strike
1-2: Foul Ball, location: 2F
1-2: Ball
2-2: Ball
3-2: Foul Ball, location: 2F
3-2: Ground out U3 (Groundball, 3S, EV 81.2 MPH)
Dave Ryan to second
Batting: LHB José Rico 0-0: Foul Ball, location: 2F
0-1: SINGLE (Groundball, 34, EV 107.5 MPH)
Dave Ryan to third
Batting: LHB Jesse Wirth 0-0: Fielders Choice at 2nd, 1-6 (Groundball, 13S, EV 63.8 MPH)
Batting: LHB Ed Ward 0-0: Fly out, F8 (Flyball, 8LM, EV 83.8 MPH)
Top of the 4th over - 0 runs, 2 hits, 0 errors, 2 left on base; Jersey City 3 - Florida 3
BOTTOM OF THE 4TH
Florida Men batting - Pitching for Jersey City Tritons : RHP Ramón Gracés
Batting: LHB Dillon Bert 0-0: Ball
1-0: Ball
2-0: Called Strike
2-1: Foul Ball, location: 2F
2-2: Ball
3-2: Base on Balls
Batting: LHB Felipe Madrid 0-0: Fielders Choice at 2nd, 4-6 (Groundball, 4, EV 83.1 MPH)
Batting: RHB Charlie Brooks 0-0: Ball
1-0: Fielders Choice at 2nd, 6-4 (Groundball, 6, EV 86.2 MPH)
Batting: RHB Jorge Dorantes 0-0: Ball
1-0: Fly out, F8 (Flyball, 89M, EV 85.0 MPH)
Bottom of the 4th over - 0 runs, 0 hits, 0 errors, 1 left on base; Jersey City 3 - Florida 3
TOP OF THE 5TH
Jersey City Tritons batting - Pitching for Florida Men : LHP Beau Kelley
Batting: RHB Clifton Roberson 0-0: Called Strike
0-1: Called Strike
0-2: Ball
1-2: Ball
2-2: Foul Ball, location: 2F
2-2: SINGLE (Line Drive, 9S, EV 108.8 MPH)
Batting: LHB Gustavo Gonzáles 0-0: Swinging Strike
0-1: Ball
1-1: Foul Ball, location: 2F
1-2: Foul Ball, location: 2F
1-2: Strikes out looking
Batting: RHB Greg Nieto 0-0: Ball
1-0: Ball
2-0: Fielders Choice at 2nd, 6-4 (Groundball, 6, EV 91.9 MPH)
Batting: SHB Ed Moss 0-0: Ball
1-0: Foul Ball, location: 2F
1-1: Ball
2-1: Called Strike
2-2: Foul Ball, location: 2F
2-2: Ball
3-2: Strikes out looking
Top of the 5th over - 0 runs, 1 hit, 0 errors, 1 left on base; Jersey City 3 - Florida 3
BOTTOM OF THE 5TH
Florida Men batting - Pitching for Jersey City Tritons : RHP Ramón Gracés
Batting: RHB Pakomio Alepeleke 0-0: Ball
1-0: Ball
2-0: Ball
3-0: Base on Balls
Batting: RHB Charles Cummings 0-0: Foul Ball, location: 2F
0-1: Ball
1-1: Swinging Strike
1-2: Strikes out swinging
Batting: LHB Andrés Muñóz 0-0: Ball
1-0: Ball
2-0: Called Strike
2-1: Ball
3-1: Foul Ball, location: 2F
3-2: Foul Ball, location: 2F
3-2: Foul Ball, location: 2F
3-2: Foul Ball, location: 2F
3-2: Foul Ball, location: 2F
3-2: Foul Ball, location: 2F
3-2: Strikes out looking
Batting: RHB Eric Thiel 0-0: Called Strike
0-1: Swinging Strike
0-2: Strikes out swinging
Bottom of the 5th over - 0 runs, 0 hits, 0 errors, 1 left on base; Jersey City 3 - Florida 3
TOP OF THE 6TH
Jersey City Tritons batting - Pitching for Florida Men : LHP Beau Kelley
Batting: SHB Dave Ryan 0-0: SOLO HOME RUN (Flyball, 8LXD, EV 105.0 MPH), Distance : 432 ft
Batting: LHB Elton Archer 0-0: Fly out, F9 (Flyball, 9, EV 81.2 MPH)
Pitching: RHP Pedro Domínguez
Batting: LHB José Rico 0-0: Fly out, F7 (Line Drive, 7, EV 85.0 MPH)
Batting: LHB Jesse Wirth 0-0: Called Strike
0-1: Ball
1-1: Foul Ball, location: 2F
1-2: Ball
2-2: Foul Ball, location: 2F
2-2: Foul Ball, location: 2F
2-2: Ball
3-2: Foul Ball, location: 2F
3-2: Foul Ball, location: 2F
3-2: Fly out, F7 (Flyball, 78M, EV 99.4 MPH)
Top of the 6th over - 1 run, 1 hit, 0 errors, 0 left on base; Jersey City 4 - Florida 3
BOTTOM OF THE 6TH
Florida Men batting - Pitching for Jersey City Tritons : RHP Ramón Gracés
Batting: SHB Tomás Pereira 0-0: Ball
1-0: Called Strike
1-1: Swinging Strike
1-2: Ball
2-2: Strikes out looking
Batting: LHB Dillon Bert 0-0: Called Strike
0-1: Called Strike
0-2: Strikes out looking
Batting: LHB Felipe Madrid 0-0: Ball
1-0: Ball
2-0: SINGLE (Flyball, 4D, EV 89.4 MPH)
Batting: RHB Charlie Brooks 0-0: Fly out, F8 (Line Drive, 8LD, EV 95.0 MPH)
Bottom of the 6th over - 0 runs, 1 hit, 0 errors, 1 left on base; Jersey City 4 - Florida 3
TOP OF THE 7TH
Jersey City Tritons batting - Pitching for Florida Men : RHP Pedro Domínguez
Batting: LHB Ed Ward 0-0: Ball
1-0: Ball
2-0: Ball
3-0: Base on Balls
Batting: RHB Clifton Roberson 0-0: Foul Ball, location: 2F
0-1: Foul Ball, location: 2F
0-2: SINGLE (Groundball, 34D, EV 97.5 MPH)
Ed Ward to second
Runner from 2nd tries for 3rd, SAFE, throw by RF made to third
Batting: LHB Gustavo Gonzáles 0-0: Ball
1-0: Foul Ball, location: 2F
1-1: Ball
2-1: Ball
3-1: Foul Ball, location: 2F
3-2: Base on Balls
Clifton Roberson to second
Batting: RHB Greg Nieto 0-0: Ball
1-0: Ball
2-0: Ball
3-0: Called Strike
3-1: Foul Ball, location: 2F
3-2: Foul Ball, location: 2F
3-2: Grounds into fielders choice 4-2 (Groundball, 4S, EV 66.2 MPH)
Clifton Roberson to third
Gustavo Gonzáles to second
Batting: SHB Ed Moss 0-0: Ball
1-0: Fly out, F9 (Flyball, 89M, EV 85.6 MPH)
Runner from 3rd tags up, OUT at HOME! 9-2
Top of the 7th over - 0 runs, 1 hit, 0 errors, 2 left on base; Jersey City 4 - Florida 3
BOTTOM OF THE 7TH
Florida Men batting - Pitching for Jersey City Tritons : RHP Ramón Gracés
Batting: LHB Takenao Taniguchi 0-0: Ball
1-0: Ground out 6-3 (Groundball, 56, EV 108.8 MPH)
Pitching: RHP Nathan Sims
Batting: RHB Pakomio Alepeleke 0-0: Ball
1-0: Swinging Strike
1-1: Ball
2-1: Foul Ball, location: 2F
2-2: Strikes out swinging
Pinch Hitting: SHB Glen Ackland 0-0: Ball
1-0: Called Strike
1-1: Foul Ball, location: 2F
1-2: Foul Ball, location: 2F
1-2: Ball
2-2: Foul Ball, location: 2F
2-2: Ground out U3 (Groundball, 3L, EV 88.8 MPH)
Bottom of the 7th over - 0 runs, 0 hits, 0 errors, 0 left on base; Jersey City 4 - Florida 3
TOP OF THE 8TH
Jersey City Tritons batting - Pitching for Florida Men : RHP Pedro Domínguez
Now at SS: Ramón Rodríguez
Batting: SHB Dave Ryan 0-0: Ball
1-0: Swinging Strike
1-1: Swinging Strike
1-2: Fly out, F8 (Flyball, 8RS, EV 93.1 MPH)
Batting: LHB Elton Archer 0-0: Ball
1-0: Swinging Strike
1-1: Ball
2-1: Foul Ball, location: 2F
2-2: Strikes out swinging
Batting: LHB José Rico 0-0: Ball
1-0: Called Strike
1-1: Ball
2-1: Swinging Strike
2-2: Foul Ball, location: 2F
2-2: Ball
3-2: Base on Balls
Batting: LHB Jesse Wirth 0-0: Ball
José Rico steals 2nd base (no throw)
1-0: Ball
2-0: Fly out, F8 (Line Drive, 8RS, EV 93.1 MPH)
Top of the 8th over - 0 runs, 0 hits, 0 errors, 1 left on base; Jersey City 4 - Florida 3
BOTTOM OF THE 8TH
Florida Men batting - Pitching for Jersey City Tritons : RHP Nathan Sims
Now at 1B: Rubén Cervantes
Batting: LHB Andrés Muñóz 0-0: Foul Ball, location: 2F
0-1: Ground out 4-3 (Groundball, 4, EV 108.1 MPH)
Pinch Hitting: LHB Jim Rogers 0-0: Ball
1-0: Fly out, F3 (Popup, 3F, EV 63.1 MPH)
Batting: SHB Tomás Pereira 0-0: Called Strike
0-1: Called Strike
0-2: Ball
1-2: Ball
2-2: SINGLE (Groundball, P, EV 82.5 MPH) (infield hit)
Pitching: LHP Peter Bradley
Batting: LHB Dillon Bert 0-0: Ball
1-0: Ground out 4-3 (Groundball, 34D, EV 103.1 MPH)
Bottom of the 8th over - 0 runs, 1 hit, 0 errors, 1 left on base; Jersey City 4 - Florida 3
TOP OF THE 9TH
Jersey City Tritons batting - Pitching for Florida Men : RHP Pedro Domínguez
Now in CF: Greg Myers
Batting: LHB Ed Ward 0-0: Foul Ball, location: 2F
0-1: Ball
1-1: Swinging Strike
1-2: Foul Ball, location: 2F
1-2: Ball
2-2: Foul Ball, location: 2F
2-2: Ball
3-2: Foul Ball, location: 2F
3-2: Base on Balls
Pitching: RHP Tom Doyle
Batting: RHB Clifton Roberson 0-0: SINGLE (Line Drive, 7LD, EV 105.6 MPH)
Ed Ward to second
Batting: LHB Gustavo Gonzáles 0-0: Fielders Choice at 2nd, 6-4 (Groundball, 56, EV 80.6 MPH)
Ed Ward to third
Pinch Hitting: LHB Trent Brown 0-0: Fly out, F9 (Flyball, 89M, EV 80.6 MPH)
Runner from 3rd tags up, SCORES, throw by RF
Batting: SHB Ed Moss 0-0: Ball
1-0: Called Strike
1-1: Fly out, F9 (Flyball, 9D, EV 109.4 MPH)
Top of the 9th over - 1 run, 1 hit, 0 errors, 1 left on base; Jersey City 5 - Florida 3
BOTTOM OF THE 9TH
Florida Men batting - Pitching for Jersey City Tritons : LHP Peter Bradley
Pitching: RHP Jared Carlisle
Now at C: Ed Hicks
Batting: LHB Felipe Madrid 0-0: Ball
1-0: Ball
2-0: Called Strike
2-1: Fly out, F8 (Flyball, 78M, EV 85.0 MPH)
Batting: RHB Charlie Brooks 0-0: Ball
1-0: Fly out, F8 (Flyball, 8LD, EV 98.1 MPH)
Batting: LHB Takenao Taniguchi 0-0: Called Strike
0-1: Ball
1-1: Foul Ball, location: 2F
1-2: Ball
2-2: SINGLE (Line Drive, 89S, EV 93.8 MPH)
Batting: RHB Pakomio Alepeleke 0-0: Swinging Strike
0-1: Foul Ball, location: 2F
0-2: Ball
1-2: Foul Ball, location: 2F
1-2: Foul Ball, location: 2F
1-2: SINGLE (Line Drive, 8RS, EV 98.1 MPH)
Takenao Taniguchi to second
Pinch Hitting: RHB Norberto Pedreiro 0-0: Ball
1-0: Foul Ball, location: 2F
1-1: Called Strike
1-2: Fly out, F6 (Flyball, 56D, EV 95.6 MPH)
Bottom of the 9th over - 0 runs, 2 hits, 0 errors, 2 left on base; Jersey City 5 - Florida 3
Monday, April 1st , 2024 - OOTP Baseball 23.10 Build 110